Map: Overgrown Facility

Players

Infamous

  • Race: Protoss Protoss
  • League: Silver
  • Spawn Location: 7:00

TheMightyOne

  • Race: Terran Terran
  • Spawn Location: 9:00

rai - Winner!

  • Race: Terran Terran
  • Spawn Location: 1:00

BJwin - Winner!

  • Race: Terran Terran
  • Spawn Location: 3:00

VOD

Have the link to the VOD?

Description

Time

  • Played on: April 4, 2018, 8:58 p.m.
  • Length: 11:53
Show
View Real Time Build Order
Export as new Build Order

Infamous Protoss 

Build Orders: 1 Gate Expand 

Get SALT Encoding   

  12  0:01  Probe  
  13  0:13  Probe  
  14  0:19  Pylon  
  14  0:26  Probe  
  15  0:38  Probe  
  15  0:40  Gateway  
  16  0:59  Probe  
  17  1:06  Assimilator  
  17  1:25  Probe  
  17  1:31  Nexus  
  18  1:37  Probe, Cybernetics Core  
  19  1:50  Probe  
  20  1:55  Assimilator  
  20  1:58  Pylon  
  20  2:14  Assimilator  
  19  2:15  Gateway  
  19  2:19  Probe  
  20  2:28  Warp Gate (Chrono Boost)  
  20  2:33  Probe  
  21  2:41  Robotics Facility  
  21  2:45  Probe (Chrono Boost)  
  22  2:57  Probe (Chrono Boost)  
  23  3:01  Stalker (Chrono Boost)  
  25  3:08  Probe  
  25  3:09  Probe  
  29  3:22  Stalker (Chrono Boost)  
  29  3:32  Probe  
  29  3:33  Observer  
  31  3:37  Probe  
  31  3:41  Assimilator  
  32  3:44  Probe  
  35  3:51  Stalker (Chrono Boost)  
  36  3:55  Pylon  
  36  3:56  Probe (Chrono Boost)  
  36  3:59  Probe (Chrono Boost)  
  37  4:04  Immortal  
  37  4:07  Probe (Chrono Boost)  
  37  4:09  Probe (Chrono Boost)  
  43  4:28  Stalker  
  43  4:29  Zealot  
  47  4:49  Probe x2  
  47  4:50  Forge  
  49  4:55  Immortal (Chrono Boost)  
  53  5:03  Gateway  
  53  5:08  Pylon, Probe  
  53  5:09  Pylon  
  53  5:14  Pylon  
  54  5:24  Pylon  
  54  5:26  Probe x2  
  56  5:29  Photon Cannon  
  56  5:30  Shield Battery  
  56  5:36  Photon Cannon  
  56  5:38  Probe, Shield Battery  
  57  5:46  Stalker  
  57  5:47  Stalker  
  49  6:22  Probe x2  
  51  6:27  Stalker x2  
  55  6:34  Probe x2  
  55  6:38  Photon Cannon  
  57  6:40  Photon Cannon  
  57  6:45  Photon Cannon  
  57  6:57  Probe x2  
  57  6:58  Protoss Ground Weapons Level 1  
  57  6:59  Immortal  
  63  7:04  Zealot x2  
  63  7:07  Sentry  
  69  7:24  Gateway  
  69  7:26  Gateway  
  69  7:28  Gateway  
  69  7:40  Stalker x2  
  69  7:41  Stalker  
  73  8:02  Gateway  
  73  8:03  Gateway  
  72  8:15  Zealot x2  
  72  8:16  Zealot  
  78  8:26  Photon Cannon  
  78  8:27  Photon Cannon  
  78  8:31  Photon Cannon  
  78  8:33  Photon Cannon  
  76  8:35  Photon Cannon  
  76  8:38  Photon Cannon  
  76  8:40  Zealot x3  
  82  8:44  Photon Cannon  
  82  8:55  Probe x2  
  84  9:07  Probe x2  
  86  9:18  Pylon  
  86  9:20  Pylon  
  86  9:25  Pylon  
  86  9:29  Pylon  
  86  9:31  Pylon  
  86  9:36  Immortal (Chrono Boost)  
  74  9:48  Stalker x6  
  74  9:49  Stalker x2  
  76  10:09  Probe x2  
  76  10:12  Sentry x6  
  76  10:13  Zealot  
  76  10:14  Zealot  
  92  10:32  Observer (Chrono Boost)  
  89  10:41  Zealot  
  91  10:43  Zealot x3  
  91  10:44  Zealot x4  
  101  11:25  Observer  
Show
View Real Time Build Order
Export as new Build Order

TheMightyOne Terran 

Build Orders:  

Get SALT Encoding   

  12  0:02  SCV  
  13  0:14  SCV  
  13  0:20  Supply Depot  
  14  0:26  SCV  
  15  0:30  Refinery  
  15  0:42  SCV  
  16  0:50  Barracks  
  16  0:54  SCV  
  17  0:59  Refinery  
  17  1:06  SCV  
  18  1:18  Barracks  
  18  1:20  SCV  
  20  1:32  SCV  
  20  1:39  Barracks Reactor  
  20  1:45  Barracks  
  20  1:49  SCV  
  21  2:00  Supply Depot  
  21  2:02  SCV  
  21  2:08  Barracks Reactor  
  22  2:16  Reaper  
  22  2:22  Reaper  
  24  2:28  Orbital Command  
  24  2:33  Reaper  
  25  2:45  Reaper  
  25  2:46  Reaper  
  25  2:49  Reaper  
  28  2:54  Reaper  
  28  3:05  Reaper  
  28  3:14  SCV  
  28  3:17  Supply Depot  
  28  3:18  Reaper  
  30  3:21  Reaper  
  31  3:38  Reaper  
  31  3:39  Reaper x2  
  31  4:13  Reaper x3  
  15  4:42  Marine x2  
  15  4:44  Marine  
  15  4:45  Marine x2  
  18  5:00  Marine  
  17  5:41  Marine x2  
  17  5:42  Marine x3  
  20  5:45  SCV  
  21  5:57  SCV  
  21  5:59  Marine x3  
  21  6:00  Marine  
  25  6:06  Marine  
  25  6:09  SCV  
  27  6:17  Marine  
  28  6:21  SCV  
  29  6:29  Marine x2  
  30  6:33  SCV  
  31  6:45  SCV  
  22  6:58  SCV  
  10  7:10  SCV  
  10  7:22  SCV  
Show
View Real Time Build Order
Export as new Build Order

rai Terran - Winner!

Build Orders:  

Get SALT Encoding   

  12  0:01  SCV  
  13  0:13  SCV  
  14  0:19  Supply Depot  
  14  0:28  SCV  
  15  0:41  SCV  
  16  0:46  Barracks  
  16  0:53  SCV  
  17  1:05  SCV  
  18  1:17  SCV  
  19  1:22  Supply Depot  
  19  1:32  SCV  
  19  1:35  Barracks, Marine  
  21  1:53  Marine  
  22  2:10  Marine  
  22  2:12  SCV  
  24  2:24  SCV  
  24  2:28  Marine  
  26  2:36  SCV  
  27  2:39  Barracks  
  27  2:41  Marine  
  28  2:46  Marine  
  28  2:48  SCV  
  30  2:59  Marine  
  31  3:11  Supply Depot  
  31  3:12  Supply Depot  
  31  3:29  Barracks  
  31  3:32  Marine x2, SCV  
  34  3:39  Refinery  
  34  3:41  Marine  
  34  3:44  SCV  
  35  3:50  Marine x2  
  34  3:56  SCV  
  34  3:59  Marine  
  35  4:04  Refinery  
  35  4:07  Marine x2  
  35  4:08  SCV  
  34  4:17  Marine  
  34  4:21  Supply Depot, SCV  
  36  4:25  Marine x2  
  38  4:31  Barracks x2  
  38  4:33  SCV  
  38  4:35  Marine  
  40  4:42  Engineering Bay  
  40  4:43  Marine x2  
  40  4:44  Supply Depot  
  40  4:45  SCV  
  43  4:51  Marine  
  44  4:53  Marine  
  45  5:01  Marine x2  
  47  5:07  Supply Depot  
  47  5:09  Marine  
  47  5:10  Marine  
  48  5:19  Marine x2  
  48  5:22  SCV  
  48  5:27  Marine  
  42  5:28  Marine  
  42  5:34  SCV  
  43  5:37  Marine x2  
  45  5:44  Marine  
  45  5:46  Marine, SCV  
  48  5:54  Marine x2  
  48  5:55  Bunker  
  50  5:59  SCV  
  50  6:00  Factory  
  50  6:02  Marine  
  52  6:04  Marine  
  52  6:07  Marine  
  52  6:11  SCV  
  55  6:12  Marine x2  
  57  6:20  Marine  
  57  6:23  SCV  
  50  7:29  Marine x5  
  55  7:33  Command Center  
  55  7:46  Marine  
  55  7:47  Marine x4  
  49  8:04  Marine  
  49  8:05  Marine x4  
  54  8:22  Marine x2  
  54  8:23  Marine x3  
  49  8:37  Factory Tech Lab  
  49  8:40  Marine x2  
  46  8:48  Marine x3  
  41  8:58  Marine x2  
  43  9:06  Marine x3  
  46  9:12  SCV  
  47  9:24  Terran Infantry Weapons Level 1  
  47  9:33  SCV  
  48  9:42  Marine  
  48  9:43  Marine  
  50  9:46  SCV  
  51  9:58  SCV  
  52  10:13  Engineering Bay  
  43  10:35  Marine x3  
  26  10:36  Marine x2  
  31  10:53  Marine x3  
  34  11:12  Marine x2  
  34  11:13  Marine x3  
  39  11:30  Marine x3  
  39  11:31  Marine  
Show
View Real Time Build Order
Export as new Build Order

BJwin Terran - Winner!

Build Orders:  

Get SALT Encoding   

  12  0:01  SCV  
  13  0:21  SCV  
  14  0:34  Supply Depot  
  14  0:39  SCV  
  15  0:57  Barracks  
  15  0:59  Barracks  
  15  1:03  Refinery  
  15  1:04  SCV, Refinery  
  16  1:17  SCV  
  17  1:33  SCV  
  17  1:38  Engineering Bay  
  18  1:43  Supply Depot  
  18  1:52  Reaper  
  18  1:53  Reaper  
  20  2:02  SCV  
  21  2:19  Planetary Fortress  
  21  2:40  Reaper  
  21  2:41  Reaper  
  23  3:13  Reaper x2  
  23  3:18  Factory  
  25  3:21  SCV  
  26  3:37  SCV  
  26  3:39  Missile Turret  
  27  3:47  Command Center  
  27  3:55  SCV  
  28  3:59  Reaper x2  
  30  4:04  Factory Tech Lab  
  30  4:32  Supply Depot  
  29  4:53  Siege Tank  
  32  5:18  SCV  
  33  5:23  Refinery  
  33  5:31  SCV  
  34  5:43  SCV  
  35  5:55  SCV  
  36  6:07  SCV  
  33  6:40  Siege Tank  
  36  6:50  SCV  
  36  6:53  Refinery  
  37  6:55  Refinery  
  37  6:57  Starport  
  37  7:00  Starport  
  37  7:02  Starport, SCV  
  38  7:14  Command Center  
  38  7:15  SCV  
  39  7:27  SCV  
  40  7:32  Supply Depot  
  40  7:39  Starport Tech Lab  
  40  7:40  Starport Tech Lab  
  40  7:41  Starport Tech Lab  
  40  7:43  SCV  
  41  7:47  Starport  
  41  7:50  Starport  
  41  7:55  SCV  
  40  8:15  Cloaking Field  
  40  8:18  SCV  
  41  8:26  Starport Tech Lab  
  41  8:27  Starport Tech Lab  
  41  8:29  Planetary Fortress  
  41  8:31  SCV  
  42  8:39  Missile Turret  
  42  8:43  SCV  
  43  8:50  Banshee  
  43  8:51  Banshee  
  43  8:52  Banshee x2  
  43  8:53  Banshee  
  58  8:57  Supply Depot  
  58  9:00  Supply Depot  
  58  9:02  Supply Depot  
  58  9:05  Supply Depot  
  46  10:14  Banshee  
  46  10:15  Banshee  
  46  10:16  Banshee x2  
  46  10:17  Banshee  
  61  10:22  Planetary Fortress  
  61  10:37  SCV  
  62  10:49  SCV  
  63  11:02  SCV  
  64  11:14  SCV  
  65  11:26  SCV  
Tags
 
Add a new tag
Caveats
  • Supply blocks, unpowered buildings, or Contaminate may cause inaccurate times.
  • Supply counts are checked every 10 seconds.